 Dungeon Crawl Stone Soup version 0.17-a0-1403-g9df874c (webtiles) character file.

77 urechis the Poker (level 4, -4/33 HPs)
             Began as a Merfolk Gladiator on June 20, 2015.
             Slain by Sigmund
             ... wielding a +0 antimagic scythe
              (8 damage)
             ... on level 3 of the Dungeon.
             The game lasted 00:02:48 (1317 turns).

urechis the Poker (Merfolk Gladiator)               Turns: 1317, Time: 00:02:48

Health: -4/33      AC:  4    Str: 15    XL:     4   Next: 34%
Magic:  0/4        EV: 13    Int:  7    God:
Gold:   146        SH:  0    Dex: 15    Spells: 0 memorised, 3 levels left

rFire  . . .     SeeInvis .     a - +0 trident
rCold  . . .     Clarity  .     b - +0 leather armour
rNeg   . . .     SustAt   .     u - +0 buckler
rPois  .         Gourm    .     c - +0 helmet
rElec  .         Spirit   +     (no cloak)
rCorr  .         Warding  .     (no gloves)
rMut   .         Stasis   .     (no boots)
MR     .....                    m - amulet of guardian spirit
Stlth  +.........               (no ring)
                                (no ring)

@: confused, not resistant to hostile enchantments, very unstealthy
A: change form in water, swift swim
a: no special abilities


You were on level 3 of the Dungeon.
You were not hungry.

You visited 1 branch of the dungeon, and saw 3 of its levels.

You collected 146 gold pieces.

Inventory:

Hand weapons
 a - a +0 trident (weapon)
Missiles
 e - 3 throwing nets (quivered)
Armour
 b - a +0 leather armour (worn)
 c - a +0 helmet (worn)
 u - a +0 buckler (worn)
Jewellery
 m - an amulet of guardian spirit (around neck)
Scrolls
 g - 3 scrolls of identify {unknown}
 h - 2 scrolls of magic mapping {unknown}
 i - 3 scrolls of teleportation {unknown}
 j - 2 scrolls of enchant armour {unknown}
 o - a scroll of remove curse {unknown}
 q - a scroll of fear {unknown}
 r - a scroll of blinking {unknown}
Potions
 k - a potion of curing {unknown}
 p - a potion of brilliance {unknown}
 s - a potion of might {unknown}
Comestibles
 d - 3 bread rations
 f - 2 fruits
 l - a royal jelly
 n - a beef jerky
 t - a meat ration


   Skills:
 - Level 2.1 Fighting
 + Level 7.1 Polearms
 - Level 2.0 Throwing
 - Level 4.0 Dodging
 * Level 0.8 Shields


You had 3 spell levels left.
You didn't know any spells.

Dungeon Overview and Level Annotations

Branches:
Dungeon (3/15)

Altars:

Annotations:
D:3 Robin, Sigmund


Message History

2 hobgoblins and Robin come into view.
Robin shouts!
The goblin shouts!
The hobgoblin shouts! 2 goblins come into view.
The goblin shouts!
Sigmund zaps a wand.
The magic dart hits you!
Robin roars a battlecry!
The goblins go into a battle-frenzy!
Sigmund zaps a wand.
The magic dart hits you!
Sigmund zaps a wand.
The magic dart hits you!
Sigmund says, "Now you see me, now you don't..."
Sigmund zaps a wand.
The magic dart hits you! Sigmund barely misses you.
A rat comes into view.
Sigmund zaps a wand.
The magic dart hits you!
* * * LOW HITPOINT WARNING * * *
Sigmund points at you and mumbles some strange words.
You are confused.
The goblin closely misses you.
Sigmund hits you from afar with an antimagic scythe!
You die...

#.# #.# #.# #g#
#g# #.#
#g############
##.g..........#
####@(@#########.#
#........# ##[.#
#..###r#.#
##...###### .....
#.#.# #.........#
###. #.#.#
##.......# #.
..#.# ##.....## #
+##.# ##..†## .#
##..# .# ####.#


You could see Sigmund, Robin, 3 goblins and a rat.

Vanquished Creatures
  4 adders
  2 worms
  A giant cockroach (D:1)
  A goblin (D:2)
  6 hobgoblins
  4 jackals (D:3)
  5 kobolds
  4 bats
  3 giant newts (D:2)
  4 rats
34 creatures vanquished.

Notes
Turn   | Place    | Note
--------------------------------------------------------------
     0 | D:1      | urechis the Merfolk Gladiator began the quest for the Orb.
     0 | D:1      | Reached XP level 1. HP: 16/16 MP: 1/1
   171 | D:1      | Reached skill level 5 in Polearms
   225 | D:1      | Reached XP level 2. HP: 19/22 MP: 2/2
   411 | D:2      | Reached skill level 6 in Polearms
   411 | D:2      | Reached XP level 3. HP: 22/27 MP: 0/3
   897 | D:2      | You fall through a shaft!
   901 | D:3      | Reached XP level 4. HP: 33/33 MP: 4/4
   906 | D:3      | Noticed Sigmund
   916 | D:3      | Reached skill level 7 in Polearms
  1309 | D:3      | Noticed Robin
  1317 | D:3      | Slain by Sigmund

Vault maps used:
D:1:      dpeg_arrival_orchard
D:2:      minmay_fountain_box
D:3:      ecumenical_altar_2, amalloy_card_club, uniq_iyjb, uniq_robin,
          uniq_sigmund, uniq_crazy_yiuf_cottage

Action                   |  1- 3 |  4- 6 || total
-------------------------+-------+-------++-------
Melee: Trident           |    87 |    29 ||   116
  Eat: Chunk             |       |     1 ||     1
